Map: Vaani Research Station (Void)

Players

Fropez - Winner!

  • Race: Protoss Protoss
  • League: Gold
  • Spawn Location: 6:00

PEPEELTORO

  • Race: Zerg Zerg
  • League: Gold
  • Spawn Location: 12:00

VOD

Have the link to the VOD?

Description

Time

  • Played on: Jan. 11, 2017, 7:03 p.m.
  • Length: 14:00
Show
View Real Time Build Order
Export as new Build Order

Fropez Protoss - Winner!

Build Orders: 1 Gate Expand 

Get SALT Encoding   

  12  0:01  Probe (Chrono Boost)  
  13  0:11  Probe (Chrono Boost)  
  14  0:21  Pylon  
  14  0:29  Probe (Chrono Boost)  
  15  0:41  Probe (Chrono Boost), Gateway  
  16  0:46  Assimilator  
  16  0:52  Probe (Chrono Boost)  
  17  1:02  Probe (Chrono Boost)  
  18  1:22  Nexus  
  18  1:32  Cybernetics Core  
  18  1:43  Pylon  
  18  1:57  Probe (Chrono Boost)  
  18  1:59  Warp Gate  
  19  2:03  Assimilator  
  19  2:06  Pylon  
  19  2:07  Probe (Chrono Boost)  
  20  2:14  Pylon  
  20  2:21  Probe (Chrono Boost)  
  21  2:35  Adept, Mothership Core (Chrono Boost)  
  25  2:42  Probe (Chrono Boost)  
  25  2:55  Gateway  
  26  2:58  Probe (Chrono Boost)  
  26  2:59  Probe (Chrono Boost)  
  27  3:06  Assimilator  
  27  3:11  Probe (Chrono Boost)  
  28  3:13  Twilight Council  
  28  3:22  Probe (Chrono Boost)  
  28  3:23  Probe (Chrono Boost)  
  28  3:25  Adept  
  32  3:32  Probe (Chrono Boost)  
  33  3:36  Resonating Glaives  
  33  3:41  Probe (Chrono Boost)  
  34  3:45  Pylon, Probe (Chrono Boost)  
  35  3:53  Probe (Chrono Boost)  
  36  3:57  Pylon  
  36  3:58  Probe (Chrono Boost)  
  37  4:08  Probe (Chrono Boost)  
  37  4:09  Probe (Chrono Boost)  
  37  4:26  Adept x2  
  41  4:40  Gateway  
  41  4:43  Gateway  
  41  4:53  Robotics Facility  
  41  4:57  Probe (Chrono Boost)  
  41  4:58  Pylon, Probe (Chrono Boost)  
  43  5:09  Adept x2  
  43  5:10  Probe (Chrono Boost)  
  43  5:11  Probe (Chrono Boost)  
  49  5:17  Pylon  
  49  5:20  Probe (Chrono Boost)  
  45  5:38  Probe (Chrono Boost)  
  45  5:39  Probe (Chrono Boost)  
  45  5:41  Adept x2  
  51  5:44  Blink  
  51  5:48  Probe (Chrono Boost)  
  51  5:49  Assimilator  
  53  5:51  Probe (Chrono Boost)  
  53  5:53  Gateway  
  53  5:54  Warp Prism, Forge  
  55  5:59  Probe (Chrono Boost)  
  55  6:03  Probe (Chrono Boost)  
  53  6:20  Adept x2  
  53  6:21  Adept x2, Protoss Ground Weapons Level 1  
  53  6:23  Probe (Chrono Boost)  
  53  6:24  Probe (Chrono Boost)  
  59  6:32  Pylon  
  59  6:44  Dark Shrine  
  59  6:45  Probe (Chrono Boost)  
  59  6:46  Probe (Chrono Boost)  
  61  6:54  Pylon  
  61  6:57  Adept x2  
  61  6:58  Adept x3, Probe (Chrono Boost)  
  72  7:13  Probe x2 (Chrono Boost)  
  74  7:23  Nexus  
  74  7:27  Adept x3  
  74  7:28  Adept  
  82  7:34  Zealot  
  82  7:50  Adept x3  
  82  7:51  Adept  
  88  7:58  Protoss Ground Weapons Level 2  
  88  8:03  Gateway  
  88  8:04  Adept, Gateway  
  90  8:06  Gateway  
  88  8:21  Observer  
  75  8:35  Dark Templar x2  
  75  8:36  Dark Templar x3  
  75  8:39  Probe x2 (Chrono Boost)  
  75  8:40  Probe (Chrono Boost)  
  80  8:50  Pylon  
  80  8:51  Probe (Chrono Boost)  
  80  8:53  Gateway  
  80  8:54  Gateway  
  77  9:28  Adept x4  
  77  9:29  Adept  
  87  9:33  Gateway  
  87  9:34  Photon Cannon  
  87  9:36  Gateway  
  87  9:40  Photon Cannon  
  87  9:41  Photon Cannon  
  87  9:45  Pylon  
  87  9:47  Pylon  
  87  9:54  Assimilator  
  87  9:58  Assimilator  
  85  10:02  Adept x5, Pylon  
  85  10:06  Pylon  
  87  10:17  Protoss Ground Weapons Level 3  
  87  10:22  Gateway  
  87  10:27  Gateway  
  87  10:30  Photon Cannon  
  87  10:31  Pylon  
  85  10:39  Shadow Stride  
  85  10:49  Pylon  
  83  10:51  Probe (Chrono Boost)  
  83  10:53  Probe x2 (Chrono Boost), Forge  
  86  11:01  Stalker x3  
  86  11:02  Stalker x4  
  100  11:17  Stalker x4  
  104  11:27  Stalker x3  
  110  12:01  Protoss Ground Armor Level 1  
  110  12:08  Adept x4  
  114  12:09  Adept x2  
  114  12:15  Nexus  
  122  12:18  Pylon  
  122  12:20  Pylon  
  102  13:01  Dark Templar x4  
  102  13:02  Dark Templar x3  
  102  13:03  Archon  
  102  13:05  Archon x2  
  108  13:06  Archon  
  108  13:08  Stalker x3  
  108  13:09  Stalker x2  
  108  13:33  Observer  
  109  13:44  Stalker x4  
  109  13:45  Stalker  
Show
View Real Time Build Order
Export as new Build Order

PEPEELTORO Zerg 

Build Orders: Hatch First 

Get SALT Encoding   

  12  0:06  Drone  
  13  0:08  Drone  
  14  0:18  Overlord  
  14  0:38  Drone x3  
  17  0:49  Drone  
  18  1:05  Hatchery  
  18  1:07  Extractor  
  16  1:20  Spawning Pool  
  15  1:32  Overlord, Drone x2  
  17  2:10  Zergling x6  
  17  2:11  Metabolic Boost  
  17  2:13  Queen  
  22  2:19  Zergling x2  
  23  2:33  Drone x2  
  23  2:36  Drone  
  26  2:51  Drone x2  
  28  2:52  Queen  
  30  2:58  Drone  
  30  2:59  Drone  
  30  3:03  Overlord  
  32  3:20  Hatchery  
  32  3:26  Drone  
  32  3:27  Drone  
  33  3:34  Drone  
  34  3:36  Drone x3  
  37  3:44  Zergling x6  
  37  3:47  Drone  
  40  4:21  Drone x5  
  44  4:24  Lair  
  44  4:28  Extractor  
  43  4:32  Drone x3  
  43  4:33  Drone  
  47  4:40  Spine Crawler  
  47  4:42  Drone x2  
  47  4:45  Drone x2  
  50  4:53  Overlord x2  
  50  4:56  Extractor  
  50  4:59  Extractor, Queen  
  50  5:02  Evolution Chamber  
  50  5:04  Evolution Chamber, Spore Crawler  
  47  5:07  Drone x3  
  47  5:08  Pneumatized Carapace  
  47  5:09  Overlord  
  47  5:26  Zergling x4  
  45  5:28  Zerg Missile Weapons Level 1  
  45  5:30  Zerg Ground Armor Level 1  
  43  5:37  Zergling x6  
  43  5:41  Zergling x12  
  43  5:42  Zergling x2  
  53  5:45  Zergling x4  
  53  5:46  Zergling x2  
  53  5:49  Queen  
  56  6:01  Drone x3  
  58  6:05  Hydralisk Den  
  58  6:09  Drone  
  58  6:10  Drone  
  56  6:21  Drone  
  55  6:35  Muscular Augments  
  55  6:36  Drone x2, Hatchery  
  55  6:37  Overlord, Drone  
  55  6:38  Drone x2  
  59  6:41  Drone x2  
  61  6:47  Overseer  
  61  6:50  Hydralisk x2  
  61  6:52  Overlord  
  62  7:35  Hydralisk x6  
  63  7:38  Queen  
  63  7:46  Zergling x8  
  63  7:47  Zergling x4  
  67  7:52  Hydralisk  
  67  7:56  Hydralisk  
  67  7:57  Hydralisk, Zergling x6  
  76  8:03  Spine Crawler  
  69  8:15  Hydralisk  
  69  8:16  Hydralisk x2  
  69  8:19  Queen  
  70  8:22  Hydralisk x3  
  65  8:28  Drone x3  
  65  8:31  Queen  
  57  8:35  Drone x2  
  57  8:36  Drone  
  56  8:44  Drone x4  
  56  8:48  Drone x2  
  54  8:55  Queen  
  44  9:00  Drone  
  43  9:12  Extractor  
  42  9:17  Hydralisk  
  42  9:18  Hydralisk x3, Spine Crawler  
  46  9:32  Hydralisk x3  
  52  9:54  Zergling x4  
  52  9:55  Zergling x4  
  56  10:02  Zergling x10  
  61  10:08  Drone x3  
  64  10:39  Hydralisk x2, Drone  
  64  10:40  Hydralisk, Drone  
  72  10:45  Zergling x4  
  72  10:46  Zergling x8  
  77  11:02  Drone x2  
  79  11:08  Zergling x4  
  79  11:35  Zergling x8  
  83  11:43  Overlord x4  
  83  11:48  Overlord  
  83  11:49  Overlord x2  
  83  11:57  Extractor  
  82  12:16  Overseer x2  
  82  12:19  Zergling x8  
  82  12:20  Zergling x4  
  88  12:25  Drone x2  
  88  12:26  Drone x5  
  73  13:05  Hydralisk x5  
  78  13:13  Overlord  
  78  13:33  Hatchery  
  77  13:35  Drone x2  
Tags
 
Add a new tag
Caveats
  • Supply blocks, unpowered buildings, or Contaminate may cause inaccurate times.
  • Supply counts are checked every 10 seconds.